 Dungeon Crawl Stone Soup version 0.18.1-48-g4cf74bf (webtiles) character file.

690 nikopol the Chopper (level 7, -13/61 HPs)
             Began as a Hill Orc Fighter on Aug 8, 2016.
             Mangled by an ogre
             ... wielding a +0 giant club
              (21 damage)
             ... on level 5 of the Dungeon.
             The game lasted 00:10:31 (3464 turns).

nikopol the Chopper (Hill Orc Fighter)              Turns: 3464, Time: 00:10:31

Health: -13/61     AC:  7    Str: 20    XL:     7   Next: 63%
Magic:  7/7        EV: 11    Int:  8    God:
Gold:   219        SH: 10    Dex: 11    Spells: 0 memorised, 6 levels left

rFire  . . .     SeeInvis .     a - +0 war axe
rCold  . . .     Gourm    .     b - +0 scale mail
rNeg   . . .     Faith    .     c - +0 shield
rPois  .         Spirit   .     (no helmet)
rElec  .         Dismiss  .     (no cloak)
rCorr  .         Reflect  .     (no gloves)
SustAt .         Harm     .     (no boots)
MR     .....                    i - amulet of regeneration
Stlth  ..........               (no ring)
                                l - +4 ring of evasion

@: not resistant to hostile enchantments, extremely unstealthy
A: no striking features
a: no special abilities


You were on level 5 of the Dungeon.
You were not hungry.

You visited 2 branches of the dungeon, and saw 6 of its levels.

You collected 219 gold pieces.

Inventory:

Hand Weapons
 a - a +0 war axe (weapon)
 h - a +0 club
Armour
 b - a +0 scale mail (worn)
 c - a +0 shield (worn)
 y - a +0 chain mail
Jewellery
 i - an amulet of regeneration (around neck)
 j - a cursed amulet of inaccuracy {unknown}
 l - a +4 ring of evasion (left hand)
 B - an uncursed ring of protection from magic {unknown}
Scrolls
 e - 2 scrolls of fear {unknown}
 k - 4 scrolls of identify {unknown}
 m - 2 scrolls of magic mapping {unknown}
 o - 2 scrolls of teleportation {unknown}
 p - a scroll of fog {unknown}
 u - a scroll of remove curse {unknown}
 x - 2 scrolls of enchant weapon {unknown}
Potions
 d - a potion of might
 n - 2 potions of curing {unknown}
 q - 2 potions of heal wounds {unknown}
 s - a potion of mutation {unknown}
 t - a potion of cure mutation {unknown}
 v - 2 potions of lignification {unknown}
 w - a potion of agility
 z - a potion of magic {unknown}
Comestibles
 f - 2 bread rations
 g - a beef jerky
 r - a meat ration


   Skills:
 * Level 5.6 Fighting
 * Level 6.9 Axes
 + Level 4.6 Armour
 + Level 5.9 Shields


You had 6 spell levels left.
You didn't know any spells.

Dungeon Overview and Level Annotations

Branches:
Dungeon (5/15)             Temple (1/1) D:4

Altars:
Ashenzari
Elyvilon
Gozag
Makhleb
Nemelex Xobeh
Qazlal
Ru
Trog
Vehumet
Xom
Yredelemnul
Zin

Shops:
D:5 !


Message History

The ogre hits you with a giant club.
You closely miss the ogre.
The ogre is almost dead.
The ogre barely misses you.
You hit the ogre but do no damage.
The ogre is almost dead.
The ogre hits you with a giant club!
You barely miss the ogre.
The ogre is almost dead.
The ogre hits you with a giant club!
* * * LOW HITPOINT WARNING * * *
You are too injured to fight recklessly!
You are too injured to fight recklessly!
You barely miss the ogre.
The ogre is almost dead.
You block the ogre's attack.
You hit the ogre.
The ogre is almost dead.
The ogre hits you with a giant club!!
You die...

#####P≈P≈P≈P.###
.......P..PP##
.........P.#####
####.#.........
#.....#####. P
###.##..#..... P≈.
#.........# #.
P....######...###..##
## #.....O@....#.#
#..# ##...###..##..#
... ... #. #.......#
.#..... #>.####..≈≈
.._ #..# #.≈≈≈≈ ...
/..# .≈≈∩.. .. #?.#
.≈≈≈≈≈ . #..


You could see an ogre.

Vanquished Creatures
  A phantom (D:4)
  2 ogres (D:4)
  A howler monkey (D:4)
  An orc wizard (D:4)
  A hound (D:3)
  2 orc priests (D:4)
  4 worker ants (D:4)
  10 adders
  An ooze (D:1)
  A worm (D:4)
  3 dart slugs
  2 giant geckos
  8 orcs
  A ball python (D:4)
  9 giant cockroaches
  6 goblins
  10 hobgoblins
  4 jackals (D:3)
  2 quokkas
  8 bats
  2 giant newts
  6 kobolds
  4 rats
89 creatures vanquished.

Notes
Turn   | Place    | Note
--------------------------------------------------------------
     0 | D:1      | nikopol the Hill Orc Fighter began the quest for the Orb.
     0 | D:1      | Reached XP level 1. HP: 19/19 MP: 1/1
   155 | D:1      | Reached skill level 3 in Axes
   175 | D:1      | Reached XP level 2. HP: 26/26 MP: 2/2
   900 | D:2      | Reached XP level 3. HP: 31/31 MP: 3/3
  1051 | D:2      | Reached skill level 4 in Axes
  1063 | D:2      | Reached XP level 4. HP: 30/40 MP: 4/4
  1591 | D:3      | Reached XP level 5. HP: 29/46 MP: 5/5
  1792 | D:3      | Found a sacrificial altar of Ru.
  1888 | D:3      | Reached skill level 5 in Axes
  2112 | D:4      | Noticed an ogre
  2129 | D:4      | Killed an ogre
  2129 | D:4      | Reached skill level 5 in Shields
  2129 | D:4      | Reached XP level 6. HP: 10/53 MP: 6/6
  2381 | D:4      | Found a staircase to the Ecumenical Temple.
  2418 | Temple   | Entered the Ecumenical Temple
  2737 | D:4      | Noticed a phantom
  2765 | D:4      | Killed a phantom
  2765 | D:4      | Reached skill level 6 in Axes
  2953 | D:4      | Reached XP level 7. HP: 60/60 MP: 7/7
  2981 | D:4      | Reached skill level 5 in Fighting
  3410 | D:5      | Entered Level 5 of the Dungeon
  3414 | D:5      | Found a sacrificial altar of Ru.
  3451 | D:5      | Found Necwued's Distillery.
  3464 | D:5      | Mangled by an ogre

Skill      XL: |  1  2  3  4  5  6  7 |
---------------+----------------------+-----
Axes           | 3 4 5 6 |  6.9
Shields        | 4 5 |  5.9
Fighting       | 4 5 |  5.6
Armour         | 4 |  4.6

Action                   |  1- 3 |  4- 6 |  7- 9 || total
-------------------------+-------+-------+-------++-------
Melee: War axe           |    98 |   235 |    59 ||   392
  Eat: Chunk             |     1 |     6 |     2 ||     9
Armor: Scale mail        |    47 |    65 |    10 ||   122
Dodge: Dodged            |    39 |    91 |    17 ||   147
Block: Shield            |    61 |   127 |    21 ||   209
